 Dungeon Crawl Stone Soup version 0.16.0-8-gd9ae3a8 (webtiles) character file.

92618 Zapata the Bludgeoner (level 16, 0/160 HPs)
             Began as a Kobold Berserker on Mar 16, 2015.
             Was the Champion of Trog.
             Succumbed to a battleaxe of venom's poison
             ... on level 2 of the Elven Halls.
             The game lasted 01:33:49 (30238 turns).

Zapata the Bludgeoner (Kobold Berserker)           Turns: 30238, Time: 01:33:49

Health: 0/160      AC: 12    Str: 21    XL:     16   Next: 54%
Magic:  25/25      EV: 31    Int:  8    God:    Trog [******]
Gold:   2704       SH: 10    Dex: 22    Spells: 0 memorised, 15 levels left

rFire  + . .     SeeInvis +     a - +8 demon whip (elec)
rCold  + . .     Clarity  .     A - +2 robe {rC+ rF+}
rNeg   . . .     SustAb   .     D - +2 buckler
rPois  .         Gourm    .     c - +2 helmet
rElec  +         Spirit   .     l - +0 cloak
rCorr  .         Warding  .     I - +1 pair of gloves
rMut   .         Stasis   .     u - +0 pair of boots
MR     ++...                    M - amulet of regeneration
Stlth  ..........               U - ring "Froeqiam" {+Blink rElec MR+ Int-2 SInv}
                                N - ring of Stroecom {Int+5 Slay+2 SInv Stlth+}

@: berserking (expiring), lethally poisoned (0 -> -35), drained, very quick,
very resistant to hostile enchantments, extremely unstealthy
A: carnivore 3
a: Burn Spellbooks, Berserk, Trog's Hand, Brothers in Arms, Renounce Religion,
Evoke Blink


You were on level 2 of the Elven Halls.
You worshipped Trog.
Trog was exalted by your worship.
You were not hungry.

You visited 4 branches of the dungeon, and saw 26 of its levels.
You also visited: Ice Cave.

You collected 3518 gold pieces.
You spent 814 gold pieces at shops.

Inventory:

Hand weapons
 a - a +8 demon whip of electrocution (weapon)
 b - a +7 hand crossbow of velocity
Missiles
 j - 7 poisoned bolts
 x - 27 bolts of flame
 C - 167 bolts
Armour
 c - a +2 helmet (worn)
 l - a +0 cloak (worn)
 u - a +0 pair of boots (worn)
 A - a +2 robe of resistance (worn)
 D - a +2 buckler (worn)
 E - a +1 chain mail of fire resistance
 G - a +3 ring mail
 I - a +1 pair of gloves (worn)
 L - the +2 scale mail of Spite {rCorr MP+9 Int+3 Stlth+}
   (You found it on level 2 of the Elven Halls)

   It affects your intelligence (+3).
   It affects your magic capacity (+9).
   It protects you from acid and corrosion.
   It makes you more stealthy.
Jewellery
 v - a cursed ring of loudness {unknown}
 w - an uncursed ring of fire {unknown}
 J - an uncursed ring of poison resistance {unknown}
 M - an amulet of regeneration (around neck)
 N - the ring of Stroecom (left hand) {Int+5 Slay+2 SInv Stlth+}
   (You bought it in a shop on level 7 of the Dungeon)

   [ring of stealth]

   It affects your intelligence (+5).
   It affects your accuracy and damage with ranged weapons and melee attacks
   (+2).
   It enhances your eyesight.
   It makes you more stealthy.
 U - the ring "Froeqiam" (right hand) {+Blink rElec MR+ Int-2 SInv}
   (You found it on level 8 of the Dungeon)

   [ring of see invisible]

   It affects your intelligence (-2).
   It insulates you from electricity.
   It affects your resistance to hostile enchantments.
   It enhances your eyesight.
   It lets you blink.
Magical devices
 f - a wand of heal wounds (7)
 o - a wand of teleportation (3)
 z - a wand of lightning (2)
 F - a wand of hasting (2)
 H - a wand of paralysis (9)
 O - a wand of slowing (15)
Scrolls
 g - 3 scrolls of fear
 h - 7 scrolls of teleportation
 k - 3 scrolls of fog
 q - 11 scrolls of remove curse
 r - 5 scrolls of blinking
 y - 4 scrolls of magic mapping
 B - 2 scrolls of recharging
 R - 2 scrolls of summoning
 S - 2 scrolls of immolation {unknown}
 V - 2 scrolls of enchant armour {unknown}
 Y - a scroll of torment
Potions
 d - 4 potions of restore abilities
 e - 10 potions of heal wounds
 i - 4 potions of curing
 m - 9 potions of might
 n - a potion of magic {unknown}
 s - 6 potions of agility
 K - a potion of haste
 X - a potion of resistance
Comestibles
 p - 8 beef jerkies
 t - 11 meat rations


   Skills:
 + Level 14.6(13.8) Fighting
 - Level 16.0(15.2) Maces & Flails
 - Level 8.0(7.4) Crossbows
 - Level 5.3(4.8) Armour
 + Level 15.4(14.7) Dodging
 - Level 3.2(2.6) Stealth
 - Level 7.0(6.4) Shields
 - Level 6.0(5.4) Evocations


You had 15 spell levels left.
You didn't know any spells.

Dungeon Overview and Level Annotations

Branches:
Dungeon (12/15)            Temple (0/1) D:4            Lair (8/8) D:11
 Shoals (0/5) Lair:3        Snake (0/5) Lair:4        Slime (0/6) Lair:7
    Orc (4/4) D:12            Elf (2/3) Orc:4

Altars:
Ashenzari
Cheibriados
Dithmenos
Elyvilon
Makhleb
Qazlal
Vehumet
Beogh

Shops:
D:6 =   D:7 :!*(*   D:12 ***(   Orc:1 (   Orc:2 [   Orc:4 (}*!=   Elf:1 ?

Annotations:
D:1 fly ring


Innate Abilities, Weirdness & Mutations

You are small and have problems with some larger weapons.
You are carnivorous and can eat meat at any time.


Message History

The dire flail of crushing hits you! The battleaxe of venom hits you!
* * * LOW HITPOINT WARNING * * *
You are more poisoned.
The eveningstar of draining hits you!
* * * LOW HITPOINT WARNING * * *
You feel drained.
* * * LOW HITPOINT WARNING * * *
You are too injured to fight recklessly!
Huge Dmg: -18%(-28hp) hp: 16%(25hp)
You thrash the battleaxe of venom!!!
The battleaxe of venom falls from the air.
* * * LOW HITPOINT WARNING * * *
You feel sick. The dire flail of crushing hits you!
* * * LOW HITPOINT WARNING * * *
x2 Huge Dmg: -12%(-19hp) hp: 4%(6hp)
* * * LOW HITPOINT WARNING * * *
You feel very sick.
Huge Dmg: -2%(-3hp) hp: 2%(3hp)
You feel a strong urge to attack something.
You die...

###############
##.............. ##
##........).......
.#
##......@.(........
.##
#.....##..(........
..#
#....#####.......#
..# #...##
##.....## ).#
##...## ##.......#
.##
##...##.........
..# ##.............
..# ##.............
..# #...........


You could see 2 dancing weapons.

Vanquished Creatures
  Saint Roka (Elf:2)
  A deep elf annihilator (Elf:1)
  2 ice dragons (IceCv)
  Harold (Lair:1)
  7 hydras
  A catoblepas (Lair:8)
  Erica (Lair:8)
  6 dancing weapons (Elf:2)
  A deep troll shaman (Lair:8)
  2 death yaks (Lair:8)
  5 orc high priests (Orc:4)
  Nergalle (Lair:2)
  A fire crab (Lair:8)
  4 deep elf knights (Elf:2)
  2 unseen horrors
  2 orc zombies (Elf:2)
  A hill giant (D:12)
  2 ice statues (IceCv)
  A wizard (Elf:1)
  6 deep elf summoners
  7 deep elf conjurers
  3 orc knights (Orc:4)
  2 orc sorcerers
  3 griffons
  3 ugly things
  A black mamba (Lair:8)
  Maurice (D:12)
  A cyclops (D:11)
  5 elephants (Lair:8)
  Psyche (Orc:2)
  9 komodo dragons
  10 spiny frogs
  3 fire drakes
  4 trolls
  A polar bear (Lair:8)
  2 two-headed ogres
  Sonja (D:12)
  3 deep elf priests
  33 blink frogs
  A boulder beetle (Lair:8)
  A trapdoor spider zombie (D:12)
  A tarantella (Elf:2)
  2 basilisks
  A redback (Elf:2)
  A raiju (shapeshifter) (Elf:1)
  4 wraiths (D:10)
  6 wyverns
  2 steam dragons
  13 hippogriffs
  11 deep elf magi
  45 yaks
  A hungry ghost (D:8)
  Grum (Orc:2)
  11 deep elf fighters
  A mottled dragon (D:12)
  2 wargs
  A naga (Lair:4)
  Edmund (D:9)
  Menkaure (D:7)
  21 water moccasins
  9 wolves
  33 orc warriors
  A black bear (Lair:1)
  2 sky beasts (D:12)
  2 phantoms
  24 ice beasts
  9 ogres
  17 crocodiles
  10 porcupines
  3 centaurs
  Duvessa (D:6)
  2 big kobolds
  2 boggarts (Elf:1)
  2 boring beetles (Lair:7)
  27 giant frogs
  A warg zombie (Elf:2)
  2 scorpions
  4 wights (D:10)
  3 killer bees (D:9)
  Dowan (D:6)
  A goliath beetle (D:5)
  6 jellies
  4 centaur zombies
  A giant frog zombie (D:9)
  5 crimson imps
  11 hounds
  3 giant frog skeletons
  7 iguanas
  A spectral orc (Lair:2)
  4 centaur skeletons
  2 quasits (D:7)
  18 orc wizards
  Natasha (twice) (D:6)
  2 gnoll shamans
  40 orc priests
  15 worker ants
  6 sheep (Lair:6)
  A killer bee zombie (D:9)
  A hound skeleton (D:5)
  A mummy (D:9)
  36 adders
  9 gnolls
  44 river rats
  A shadow imp (D:6)
  3 worms
  An adder zombie (D:8)
  5 giant geckos
  3 oozes
  153 orcs
  A bat zombie (D:5)
  21 goblins
  16 hobgoblins
  8 jackals
  23 kobolds
  3 ball pythons
  18 bats
  5 giant cockroaches
  A giant gecko skeleton (D:4)
  2 giant gecko zombies
  11 giant newts
  A giant spore (D:9)
  14 quokkas
  20 rats
  A ballistomycete (D:9)
955 creatures vanquished.

Vanquished Creatures (collateral kills)
  A dire elephant (Lair:8)
  Josephine (D:10)
  A death yak (Lair:8)
  A hill giant (D:10)
  A griffon (Lair:4)
  4 fire drakes (Lair:4)
  3 basilisks (Lair:4)
  A wraith (D:10)
  4 wyverns (Lair:4)
  8 hippogriffs (Lair:4)
  4 yaks (Lair:2)
  A giant frog (D:10)
  6 wights
  2 killer bees (D:9)
  A hound (Lair:2)
  A worker ant (D:7)
  4 spectral orcs (Lair:2)
  A rat (D:10)
45 creatures vanquished.

Vanquished Creatures (others)
  A two-headed ogre (D:10)
  An ogre (D:10)
  A hell rat (Elf:2)
  3 fungi (Lair:6)
  A plant (Lair:5)
7 creatures vanquished.

Grand Total: 1007 creatures vanquished

Notes
Turn   | Place    | Note
--------------------------------------------------------------
     0 | D:1      | Zapata, the Kobold Berserker, began the quest for the Orb.
     0 | D:1      | Reached XP level 1. HP: 14/14 MP: 1/1
   103 | D:1      | Reached XP level 2. HP: 19/19 MP: 2/2
   451 | D:1      | Reached skill level 4 in Maces & Flails
   451 | D:1      | Reached XP level 3. HP: 15/23 MP: 3/3
   714 | D:1      | You fall through a shaft!
   842 | D:2      | Acquired Trog's second power
  1193 | D:2      | Reached XP level 4. HP: 28/28 MP: 4/4
  1841 | D:2      | Reached skill level 5 in Maces & Flails
  2324 | D:3      | Reached XP level 5. HP: 26/32 MP: 5/5
  3338 | D:4      | Found a staircase to the Ecumenical Temple.
  3338 | D:4      | Found a burning altar of Makhleb.
  3356 | D:4      | Reached skill level 6 in Maces & Flails
  3426 | D:4      | Reached XP level 6. HP: 33/37 MP: 6/6
  4037 | D:5      | Entered Level 5 of the Dungeon
  4120 | D:5      | Reached skill level 7 in Maces & Flails
  4346 | D:5      | Reached XP level 7. HP: 37/41 MP: 7/7
  4386 | D:5      | Acquired Trog's third power
  4485 | D:5      | Reached skill level 8 in Maces & Flails
  4843 | D:5      | Found a snail-covered altar of Cheibriados.
  5518 | D:6      | Reached skill level 9 in Maces & Flails
  5518 | D:6      | Reached XP level 8. HP: 46/46 MP: 8/8
  5693 | D:6      | Noticed Dowan
  5695 | D:6      | Noticed Duvessa
  5700 | D:6      | Killed Duvessa
  5702 | D:6      | Killed Dowan
  5702 | D:6      | Reached skill level 10 in Maces & Flails
  5742 | D:6      | Found Upophao's Jewellery Shop.
  6039 | D:6      | Found a radiant altar of Vehumet.
  6041 | D:6      | Noticed Natasha
  6050 | D:6      | Killed Natasha
  6063 | D:6      | Noticed Natasha
  6065 | D:6      | Killed Natasha
  6073 | D:6      | Received a gift from Trog
  6559 | D:7      | Found Dual's Assorted Antiques.
  6571 | D:7      | Reached XP level 9. HP: 51/51 MP: 9/9
  6641 | D:7      | Bought a heavily runed marble ring for 145 gold pieces
  6641 | D:7      | Bought a metallic cyan potion for 26 gold pieces
  6641 | D:7      | Bought a scroll labeled AQOAHIU PNYUF for 29 gold pieces
  6641 | D:7      | Bought a scroll labeled PUIMILICVYK for 29 gold pieces
  6641 | D:7      | Identified the ring of Stroecom {Int+5 Slay+2 SInv Stlth+} (You bought it in a shop on level 7 of the Dungeon)
  6642 | D:7      | Bought a scroll of identify for 58 gold pieces
  6698 | D:7      | Found Saptiema's Distillery.
  6707 | D:7      | Reached skill level 11 in Maces & Flails
  6712 | D:7      | Bought a potion of flight for 42 gold pieces
  7306 | D:7      | Found Mizovuno's Weapon Emporium.
  7309 | D:7      | Noticed Menkaure
  7316 | D:7      | Killed Menkaure
  8074 | D:7      | Found Ziniap's Assorted Antiques.
  8077 | D:7      | Bought a scroll labeled AQOAHIU PNYUF for 22 gold pieces
  8077 | D:7      | Bought a scroll labeled EGEUTI KUVVUV for 22 gold pieces
  8077 | D:7      | Bought a pink potion for 19 gold pieces
  8077 | D:7      | Bought a scroll of identify for 44 gold pieces
  8077 | D:7      | Bought a scroll of identify for 44 gold pieces
  8087 | D:7      | Found Uwaicuez's Book Boutique.
  8393 | D:8      | Reached skill level 12 in Maces & Flails
  8544 | D:8      | Received a gift from Trog
  8646 | D:8      | Reached XP level 10. HP: 56/56 MP: 10/10
  8650 | D:8      | Reached skill level 13 in Maces & Flails
  8791 | D:8      | Got a clouded platinum ring
  8814 | D:8      | Identified the ring "Froeqiam" {+Blink rElec MR+ Int-2 SInv} (You found it on level 8 of the Dungeon)
  9738 | D:9      | Reached skill level 14 in Maces & Flails
 10081 | D:9      | Reached skill level 1 in Stealth
 10750 | D:9      | Found a radiant altar of Vehumet.
 10750 | D:9      | Found a shadowy altar of Dithmenos.
 10750 | D:9      | Found a white marble altar of Elyvilon.
 10753 | D:9      | Found a stormy altar of Qazlal.
 10754 | D:9      | Found a shattered altar of Ashenzari.
 10802 | D:9      | Noticed Edmund
 10818 | D:9      | Killed Edmund
 11288 | D:10     | Entered Level 10 of the Dungeon
 11296 | D:10     | Reached skill level 1 in Evocations
 11425 | D:10     | Reached skill level 5 in Fighting
 11427 | D:10     | Noticed Josephine
 11427 | D:10     | Noticed a hill giant
 11431 | D:10     | Killed a hill giant
 11431 | D:10     | Reached XP level 11. HP: 40/64 MP: 13/16
 11436 | D:10     | Killed Josephine
 11436 | D:10     | Reached skill level 5 in Dodging
 11773 | D:10     | Reached skill level 5 in Evocations
 11850 | D:10     | Received a gift from Trog
 12552 | D:11     | Noticed an unseen horror
 12563 | D:11     | Killed an unseen horror
 12707 | D:11     | Found a staircase to the Lair.
 12770 | D:11     | Noticed a cyan ugly thing
 12783 | D:11     | Killed a cyan ugly thing
 12783 | D:11     | Reached skill level 1 in Crossbows
 12919 | D:11     | Reached XP level 12. HP: 71/74 MP: 21/21
 13153 | D:11     | Noticed a cyclops
 13437 | D:11     | Killed a cyclops
 13571 | Lair:1   | Entered Level 1 of the Lair of Beasts
 13671 | Lair:1   | Noticed Harold
 13680 | Lair:1   | Killed Harold
 13680 | Lair:1   | Reached skill level 5 in Crossbows
 15069 | Lair:1   | Got an encrusted arbalest
 15442 | Lair:2   | Identified the cursed +2 arbalest "Vof Unel" {freeze, Str+4} (You found it on level 1 of the Lair of Beasts)
 15505 | Lair:2   | Noticed Nergalle
 15530 | Lair:2   | Killed Nergalle
 15584 | Lair:2   | Noticed a six-headed hydra
 15598 | Lair:2   | Killed a six-headed hydra
 15732 | Lair:2   | Received a gift from Trog
 16032 | Lair:2   | Reached skill level 1 in Shields
 16090 | Lair:2   | Received a gift from Trog
 16480 | Lair:3   | Reached XP level 13. HP: 75/80 MP: 22/22
 16897 | Lair:3   | Found a staircase to the Shoals.
 16986 | Lair:3   | Reached skill level 5 in Shields
 17044 | Lair:3   | Noticed a six-headed hydra
 17055 | Lair:3   | Killed a six-headed hydra
 17519 | Lair:4   | Received a gift from Trog
 17676 | Lair:4   | Reached skill level 10 in Dodging
 17698 | Lair:4   | Reached skill level 10 in Fighting
 18155 | Lair:4   | Found a staircase to the Snake Pit.
 18536 | Lair:4   | Received a gift from Trog
 18689 | Lair:5   | Received a gift from Trog
 18706 | Lair:5   | Found a labyrinth entrance.
 18725 | Lair:5   | Found a frozen archway.
 18757 | IceCv    | Entered an ice cave
 18914 | IceCv    | Reached XP level 14. HP: 88/88 MP: 23/23
 20542 | Lair:6   | Received a gift from Trog
 21274 | Lair:6   | Reached skill level 15 in Maces & Flails
 21742 | Lair:7   | Found a staircase to the Slime Pits.
 21903 | Lair:7   | Received a gift from Trog
 22471 | Lair:8   | Entered Level 8 of the Lair of Beasts
 22549 | Lair:8   | Reached skill level 16 in Maces & Flails
 22951 | Lair:8   | Reached XP level 15. HP: 77/95 MP: 24/24
 22986 | Lair:8   | Received a gift from Trog
 23753 | Lair:8   | Noticed Erica
 23761 | Lair:8   | Killed Erica
 24158 | Lair:8   | Received a gift from Trog
 24604 | D:12     | Found Zoweiden's General Store.
 24792 | D:12     | Noticed Sonja
 24799 | D:12     | Killed Sonja
 24841 | D:12     | Got a sparkling amber ring
 24865 | D:12     | Found Saikiuhi's General Store.
 24934 | D:12     | Found Ickaosu's Assorted Antiques.
 24943 | D:12     | Noticed Maurice
 24947 | D:12     | Killed Maurice
 24955 | D:12     | Bought a scroll of identify for 56 gold pieces
 24996 | D:12     | Received a gift from Trog
 25195 | D:12     | Found a staircase to the Orcish Mines.
 25249 | D:12     | Identified the ring of Hionem {rPois rC+ Int+6 Dex-5 Slay-3} (You found it on level 12 of the Dungeon)
 25335 | D:12     | Found Ufotath's Antique Weapon Emporium.
 25448 | Orc:1    | Entered Level 1 of the Orcish Mines
 25504 | Orc:1    | Found a burning altar of Makhleb.
 25552 | Orc:1    | Found Afeat's Antique Weapon Shop.
 25958 | Orc:2    | Received a gift from Trog
 25986 | Orc:2    | Noticed Psyche
 25989 | Orc:2    | Killed Psyche
 26193 | Orc:2    | Found a roughly hewn altar of Beogh.
 26282 | Orc:2    | Found Stesee's Antique Armour Shoppe.
 26291 | Orc:2    | Received a gift from Trog
 26293 | Orc:2    | Noticed Grum
 26314 | Orc:2    | Killed Grum
 26366 | Orc:2    | Bought a shiny buckler for 103 gold pieces
 26869 | Orc:3    | Received a gift from Trog
 27566 | Orc:4    | Entered Level 4 of the Orcish Mines
 27567 | Orc:4    | Found a staircase to the Elven Halls.
 27847 | Orc:4    | Received a gift from Trog
 27938 | Orc:4    | Found Pnigag's Jewellery Emporium.
 28383 | Orc:4    | Received a gift from Trog
 28561 | Orc:4    | Received a gift from Trog
 28610 | Orc:4    | Found Enaisawe's Distillery.
 28612 | Orc:4    | Found Vamojosioxt's Weapon Emporium.
 28613 | Orc:4    | Found Lauson's Assorted Antiques.
 28614 | Orc:4    | Found Ysamituso's Gadget Shoppe.
 28617 | Orc:4    | Bought a runed helmet for 175 gold pieces
 28798 | Elf:1    | Entered Level 1 of the Elven Halls
 28814 | Elf:1    | Found a radiant altar of Vehumet.
 28961 | Elf:1    | Found Douz's Magic Scroll Emporium.
 29450 | Elf:2    | Reached XP level 16. HP: 85/105 MP: 25/25
 29660 | Elf:2    | Received a gift from Trog
 29728 | Elf:2    | Found a runed gate.
 29729 | Elf:2    | Found a runed gate.
 29729 | Elf:2    | Found a runed gate.
 29760 | Elf:2    | Noticed Saint Roka
 29776 | Elf:2    | Killed Saint Roka
 29776 | Elf:2    | Reached skill level 5 in Armour
 29972 | Elf:2    | Reached skill level 15 in Dodging
 29995 | Elf:2    | Got a heavily runed scale mail
 30006 | Elf:2    | Identified the +2 scale mail of Spite {rCorr MP+9 Int+3 Stlth+} (You found it on level 2 of the Elven Halls)
 30236 | Elf:2    | HP: 6/160 [dire flail of crushing (3)]
 30238 | Elf:2    | Succumbed to a battleaxe of venom's poison

Action                   |  1- 3 |  4- 6 |  7- 9 | 10-12 | 13-15 | 16-18 || total
-------------------------+-------+-------+-------+-------+-------+-------++-------
Melee: Mace              |    96 |    50 |       |       |       |       ||   146
       Flail             |       |    73 |   217 |   553 |   312 |       ||  1155
       Eveningstar       |       |       |       |       |   642 |       ||   642
       Demon whip        |       |       |       |       |   203 |   106 ||   309
 Fire: Arbalest          |       |       |       |       |    11 |       ||    11
       Hand crossbow     |       |       |       |       |    33 |       ||    33
Throw: Stone             |    32 |    52 |    45 |     2 |       |       ||   131
       Tomahawk          |       |    34 |    11 |    13 |       |       ||    58
Invok: Berserk           |     2 |     6 |    11 |    17 |    14 |     2 ||    52
       Burn Spellbooks   |       |       |     1 |     2 |     2 |       ||     5
       Brothers in Arms  |       |       |     1 |     5 |     2 |       ||     8
 Abil: Evoke Blink       |       |       |       |     3 |       |       ||     3
Evoke: Wand              |       |       |     5 |     1 |     4 |       ||    10
  Use: Scroll            |       |     8 |     4 |     3 |    18 |     1 ||    34
       Potion            |       |       |     1 |     2 |     2 |       ||     5
 Stab: Sleeping          |     1 |     1 |     2 |    15 |    35 |     1 ||    55
       Distracted        |       |       |     1 |     3 |     1 |       ||     5
       Petrified         |       |       |       |       |     3 |       ||     3
  Eat: Chunk             |    10 |     9 |     9 |    42 |    50 |     2 ||   122
       Meat ration       |       |     1 |     2 |     1 |       |       ||     4
       Beef jerky        |       |       |       |       |     2 |       ||     2
